AoeStats
← jaimegomlab99

Arena

504805660Analyzed
1v1 RM · 27d ago on Sep 6, 2026· 38m 21s· 2 players
Game mode
Random Map
Map size
Tiny (2 player)
Population
200
Speed
Normal
Resources
Standard
Victory
Conquest
Starting age
Dark Age
Ending age
Imperial Age
RankedLock teamsTeams togetherTeam positionsShared explorationLock speedFull tech treeHidden civsTurbo modeCheats
Victory
Defeat
🇨🇳 Mongols · China
251
+13
🇪🇸 Ethiopians · Spain
193
-13
jaimegomlab99
10:11 Feudal Age
14:51 Wheelbarrow
16:17 Double-Bit Axe
21:38 Castle Age
20:13 Padded Archer Armor
20:37 Horse Collar
20:51 Gold Mining
23:35 Thumb Ring
23:20 Crossbowman
25:17 Stone Mining
25:24 Fletching
26:54 Bow Saw
26:44 Man-at-Arms
29:14 Leather Archer Armor
29:45 Town Watch
34:27 Ballistics
35:00 Long Swordsman
1360126080
10:52 Feudal Age
11:41 Horse Collar
11:48 Double-Bit Axe
19:33 Castle Age
18:20 Gold Mining
18:20 Stone Mining
19:46 Fletching
20:04 Padded Archer Armor
20:51 Wheelbarrow
21:25 Heavy Plow
21:38 Bow Saw
24:06 Town Watch
24:07 Loom
27:33 Gold Shaft Mining
27:34 Stone Shaft Mining
28:04 Hand Cart
29:57 Devotion
29:52 Herbal Medicine
35:44 Imperial Age
35:05 Town Patrol
35:50 Ballistics
35:25 Murder Holes
35:41 Fortified Wall
35:41 Masonry
35:28 Bodkin Arrow
35:48 Leather Archer Armor
35:44 Forging
35:34 Scale Mail Armor
35:39 Scale Barding Armor
36:07 Coinage
36:04 Herbal Medicine
36:45 Conscription
37:45 Chemistry
37:51 Elite Mangudai
Connection lost

Rejoining the realm…

Still unreachable

The connection could not be restored.

Session expired

The server has moved on; the page needs a fresh start.